 Dungeon Sprint DCSS version 0.20.1-1-g8b1a95d (webtiles) character file.

61 Mitsuki the Ruffian (level 4, -6/42 HPs)
             Began as a Naga Transmuter on Sept 26, 2017.
             Mangled by a phantom (7 damage)
             ... in the Dungeon (Sprint IX: "|||||||||||||||||||||||||||||").
             The game lasted 00:01:29 (289 turns).

Mitsuki the Ruffian (Naga Transmuter)                Turns: 289, Time: 00:01:30

Health: -6/42      AC:  2    Str: 13    XL:     4   Next: 7%
Magic:  4/9        EV: 10    Int: 14    God:
Gold:   0          SH:  0    Dex: 11    Spells: 9/10 levels left

rFire    . . .     SeeInvis +     - Unarmed
rCold    . . .     Gourm    .   (no shield)
rNeg     . . .     Faith    .   b - +0 robe
rPois    +         Spirit   .   (no helmet)
rElec    .         Reflect  .   (no cloak)
rCorr    .         Harm     .   (no gloves)
MR       .....     NoTele   +   (no barding)
Stlth    +.........             (no amulet)
Regen    0.2/turn               (no ring)
MPRegen  0.2/turn               (no ring)

@: appendage (expiring), very slow
A: horns 2, see invisible, deformed body, poison resistance, slowness 2, slow
metabolism 1, spit poison 1, AC +1
a: Spit Poison, End Transformation


You were in the Dungeon.
You were not hungry.
You had grown temporary horns.
You visited 1 branch

Inventory:

Missiles
 a - 12 arrows
Armour
 b - a +0 robe (worn)
Scrolls
 j - a scroll of blinking
Potions
 g - a potion of haste
 h - 2 potions of magic
 i - a potion of berserk rage
Books
 c - a book of Changes

   Spells                             Type                      Level
   a - Beastly Appendage              Transmutation                1
   b - Sticks to Snakes               Transmutation                2
   c - Spider Form                    Transmutation/Poison         3
   d - Ice Form                       Ice/Transmutation            4
   e - Blade Hands                    Transmutation                5
Comestibles
 d - a bread ration


   Skills:
 + Level 3.4 Fighting
 + Level 3.0 Dodging
 + Level 4.6 Unarmed Combat
 + Level 3.6 Spellcasting
 + Level 3.7 Transmutations


You had 9 spell levels left.
You knew the following spells:

 Your Spells              Type           Power        Failure   Level  Hunger
a - Beastly Appendage     Tmut           ##....       4%          1    None


Dungeon Overview and Level Annotations

Branches:
Dungeon (1/1)

Altars:


Innate Abilities, Weirdness & Mutations

You cannot wear boots.
Your serpentine skin is tough. (AC +1)
You have supernaturally acute eyesight. (SInv)
Armour fits poorly on your strangely shaped body.
Your system is resistant to poisons. (rPois)
You cover ground very slowly.
You have a slow metabolism.
You can spit poison.
You have a pair of horns on your head.


Message History

The crimson imp hits you.
* * * LOW HITPOINT WARNING * * *
You closely miss the crimson imp.
The crimson imp is severely wounded.
The phantom hits you.
* * * LOW HITPOINT WARNING * * *
The phantom blinks!
The crimson imp hits you but does no damage.
You hit the crimson imp. Your headbutt misses the crimson imp.
The crimson imp is severely wounded.
The phantom blinks!
The crimson imp barely misses you.
You hit the crimson imp.
You kill the crimson imp!
Your Fighting skill increases to level 3!
Your Dodging skill increases to level 3!
You have reached level 4!
You feel clever.
Your transformation is almost over.
The phantom hits you!
You die... ▓▓▓▓▓▓▓▓▓▓▓▓▓▓▓▓▓▓ +..@W.'§....÷...<▓ ▓▓▓▓▓▓▓▓▓▓▓▓▓▓▓▓▓▓

You could see a phantom.

Vanquished Creatures
  A crimson imp (D)
  2 adders (D)
  A leopard gecko (D)
  2 bats (D)
  A giant cockroach (D)
  A hobgoblin (D)
  A rat (D)
9 creatures vanquished.

Notes
Turn   | Place    | Note
-------+----------+-------------------------------------------
     0 | D        | Mitsuki the Naga Transmuter began the quest for the Orb.
     0 | D        | Reached XP level 1. HP: 18/18 MP: 3/3
   246 | D        | Noticed a phantom
   246 | D        | Noticed a crimson imp
   248 | D        | Reached XP level 2. HP: 26/26 MP: 2/5
   261 | D        | Reached skill level 4 in Unarmed Combat
   261 | D        | Reached XP level 3. HP: 9/33 MP: 3/7
   287 | D        | HP: 1/33 [phantom (3)]
   289 | D        | Reached XP level 4. HP: 1/42 MP: 4/9
   289 | D        | Mangled by a phantom

Skill      XL: |  1  2  3 |
---------------+----------+-----
Dodging        | 2 3 |  3.0
Fighting       | 2 3 |  3.4
Unarmed Combat | 4 |  4.6
Spellcasting   | 3 |  3.6
Transmutations | 3 |  3.7

Action                   |  1- 3 |  4- 6 || total
-------------------------+-------+-------++-------
Melee: Unarmed           |    58 |       ||    58
       Punch             |     1 |       ||     1
       Headbutt          |     7 |       ||     7
 Cast: Beastly Appendage |     5 |       ||     5
  Use: Potion            |     2 |       ||     2
Armor: Robe              |    15 |       ||    15
Dodge: Dodged            |    28 |       ||    28
